 Dungeon Crawl Stone Soup version 0.31.0-11-ge490571c62 (webtiles) character file.

Game seed: 1957364209682310063

5072 stipulation the Scholar of Death (level 10, -1/44 HPs)
             Began as a Vine Stalker Necromancer on Jan 27, 2024.
             Was a Follower of Kikubaaqudgha.
             Slain by Grum
             ... wielding a +1 glaive
              (13 damage)
             ... on level 9 of the Dungeon.
             The game lasted 00:18:53 (10487 turns).

stipulation the Scholar of Death (VSNe)            Turns: 10487, Time: 00:18:54

Health: -1/44      AC:  4    Str: 14    XL:     10   Next: 56%
Magic:  0/26       EV: 12    Int: 19    God:    Kikubaaqudgha [*.....]
Gold:   82         SH:  0    Dex: 15    Spells: 21/31 levels left

rFire   . . .        I - +7 Throatcutter {drain, coup de grace}
rCold   . . .        (no shield)
rNeg    . . .        F - +1 robe {Will+}
rPois   .            (no helmet)
rElec   .            (no cloak)
rCorr   .            e - +0 pair of gloves of Joghig {Str+3 Slay+3 Stlth-}
SInv    .            (no boots)
Will    ++...        (no amulet)
Stlth   +            u - ring of flight
HPRegen 1.07/turn    x - +4 ring of slaying
MPRegen 0.20/turn

%: guardian spirit
@: animating dead, flying
A: fangs 3, regeneration 1, magic shield, antimagic bite, no potion heal 2
a: Renounce Religion, Unearth Wretches


You were on level 9 of the Dungeon.
You worshipped Kikubaaqudgha.
Kikubaaqudgha was aware of your devotion.
You visited 2 branches of the dungeon, and saw 10 of its levels.

You collected 418 gold pieces.
You spent 336 gold pieces at shops.

Inventory:

Hand Weapons
 o - a +0 dagger
 I - the +7 Throatcutter (weapon) {drain, coup de grace}
   (You found it on level 7 of the Dungeon)
 J - a +1 antimagic dagger
Armour
 e - the +0 pair of gloves of Joghig (worn) {Str+3 Slay+3 Stlth-}
   (You found it on level 2 of the Dungeon)

   Str+3:     It affects your strength (+3).
   Slay+3:    It affects your accuracy & damage with ranged weapons and melee
   (+3).
   Stlth-:    It makes you less stealthy.
 F - a +1 robe of willpower (worn)
Jewellery
 a - a ring of protection from fire
 u - a ring of flight (left hand)
 x - a +4 ring of slaying (right hand)
 G - the ring "Qamu" {rN+ SInv}
   (You found it on level 7 of the Dungeon)

   [ring of positive energy]

   rN+:       It protects you from negative energy.
   SInv:      It lets you see invisible.
Wands
 v - a wand of mindburst (21)
 E - a wand of paralysis (6)
Scrolls
 d - a scroll of torment {unknown}
 f - 2 scrolls of enchant weapon {unknown}
 g - 4 scrolls of teleportation
 h - 2 scrolls of brand weapon
 k - 2 scrolls of poison {unknown}
 l - a scroll of fog
 m - a scroll of immolation {unknown}
 p - 2 scrolls of blinking
 r - a scroll of amnesia {unknown}
 s - 2 scrolls of fear
 w - a scroll of noise {unknown}
 y - a scroll of revelation {unknown}
 D - a scroll of enchant armour {unknown}
 K - a scroll of identify
Potions
 b - a potion of magic
 c - 2 potions of enlightenment {unknown}
 i - 2 potions of ambrosia {unknown}
 j - 3 potions of resistance
 n - 2 potions of curing
 q - a potion of might {unknown}
 t - 2 potions of cancellation
 z - 4 potions of heal wounds
 A - a potion of degeneration
 B - 4 potions of lignification
 C - 2 potions of mutation
 H - a potion of attraction {unknown}


   Skills:
 - Level 1.5 Dodging
 - Level 2.4 Stealth
 + Level 11.1 Spellcasting
 + Level 11.6 Necromancy


You had 21 spell levels left.
You knew the following spells:

 Your Spells              Type           Power      Damage    Failure   Level
a - Necrotise             Necr           100%       1d9       1%          1
b - Vampiric Draining     Necr           53%        2d9       1%          3
c - Animate Dead          Necr           53%        N/A       1%          4
d - Cigotuvi's Dreadful   Necr/Alch/Air  50%        N/A       1%          2

Your spell library contained the following spells:

 Spells                   Type           Power      Damage    Failure   Level
 Kiss of Death            Conj/Necr      100%       2d13      1%          1
 Fugue of the Fallen      Necr           53%        N/A       1%          3
 Curse of Agony           Necr           53%        N/A       1%          5
 Apportation              Tloc           20%        N/A       7%          1
 Magic Dart               Conj           40%        1d5       7%          1
 Blink                    Tloc           20%        N/A       10%         2
 Call Imp                 Summ           20%        N/A       10%         2
 Jinxbite                 Hex            20%        N/A       10%         2
 Mercury Vapours          Alch/Air       20%        N/A       10%         2
 Static Discharge         Conj/Air       20%        3-4/arc   10%         2
 Hailstorm                Conj/Ice       10%        3d6       21%         3
 Mephitic Cloud           Conj/Alch/Air  10%        N/A       21%         3
 Summon Ice Beast         Ice/Summ       10%        N/A       21%         3
 Volatile Blastmotes      Fire/Tloc      20%        2d11      21%         3
 Airstrike                Air            5%         2d(1-17)  54%         4
 Fulminant Prism          Conj/Alch      5%         3d7       54%         4
 Ignite Poison            Fire/Alch      10%        N/A       54%         4
 Iskenderun's Mystic Bla  Conj/Tloc      10%        2d4       54%         4
 Summon Blazeheart Golem  Fire/Summ      10%        N/A       54%         4
 Summon Lightning Spire   Summ/Air       10%        N/A       54%         4
 Alistair's Intoxication  Alch           6%         N/A       88%         5
 Freezing Cloud           Conj/Ice/Air   5%         6-21      88%         5
 Sculpt Simulacrum        Ice/Alch       5%         N/A       100%        6
 Orb of Destruction       Conj           5%         9d5       100%        7
 Spellforged Servitor     Conj/Summ      5%         N/A       100%        7


Dungeon Overview and Level Annotations

Branches:
Dungeon (9/15)             Temple (1/1) D:5
   Lair: D:8-11         Orc: D:9-12

Altars:
Ashenzari
Dithmenos
Elyvilon
Fedhas
Gozag
Hepliaklqana
Kikubaaqudgha
Makhleb
Nemelex Xobeh
Okawaru
Qazlal
Ru
Sif Muna
Trog
Uskayaw
Vehumet
Wu Jian
Xom
Yredelemnul
Zin
The Shining One

Shops:
D:6 !   D:8 *

Annotations:
D:6 3 runed translucent doors, Yore's ghost, novice GrFi
D:9 Grum


Innate Abilities, Weirdness & Mutations

You have razor-sharp teeth.
Your natural rate of healing is unusually fast.
When hurt, damage is shared between your health and your magic reserves.
Your bite disrupts and absorbs the magic of your enemies.
Potions cannot restore your health.


Message History

Confirm with . or Enter, or press ? or * to list all spells.
Okay, then.
Casting: Vampiric Draining (safe; 1% risk of failure)
Confirm with . or Enter, or press ? or * to list all spells.
You call upon the dead to rise.
Grum growls angrily.
You hear a shout!
Casting: Animate Dead (dangerous; 1% risk of failure)
Confirm with . or Enter, or press ? or * to list all spells.
You can't see any susceptible monsters within range! (Use Z to cast anyway.)
Casting: Animate Dead (dangerous; 1% risk of failure)
Confirm with . or Enter, or press ? or * to list all spells.
Aiming: Necrotise (safe; 1% risk of failure)
Press: ? - help, Shift-Dir - straight line, f - Grum
Aim: Grum, wielding a +1 glaive and wearing a +0 animal skin (chance to affect: 88%) Grum writhes in agony.
Casting: Necrotise (safe; 1% risk of failure)
Confirm with . or Enter, or press ? or * to list all spells.
Aiming: Necrotise (safe; 1% risk of failure)
Press: ? - help, Shift-Dir - straight line, f - wolf, p - Grum
Aim: a wolf (chance to affect: 83%)
The wolf writhes in agony!
Grum hits you from afar with a +1 glaive!!
Casting: Necrotise (safe; 1% risk of failure)
Confirm with . or Enter, or press ? or * to list all spells.
Aiming: Necrotise (safe; 1% risk of failure)
Press: ? - help, Shift-Dir - straight line, f/p - wolf
Aim: a wolf (moderately wounded, chance to affect: 83%)
Okay, then.
You slash the wolf! You drain the wolf.
The wolf is severely wounded.
The wolf barely misses you.
The wolf bites you. x2; The wolf bites you!
Grum hits you from afar with a +1 glaive.
You barely miss the wolf. You bite the wolf. You drain its power.
You feel invigorated.
The wolf is almost dead.
The wolf misses you. The wolf barely misses you. The wolf bites you! x2
* * * LOW HITPOINT WARNING * * *
Grum hits you from afar with a +1 glaive!!
You die...
Kikubaaqudgha rasps: "You have failed me!
Welcome... death!"

......... ..
......... ...
......... ?...
........###....
.........#.....
.....g.........
#.....hh.......
......h@.......
...###.........
#......!..
#....###..
....[# .
......# .......
.........


You could see Grum and 3 wolves.

Vanquished Creatures
  A cyclops (D:7)
  4 kobold demonologists (D:7)
  Psyche (D:8)
  A wyvern (D:7)
  Eustachio (D:5)
  A water moccasin (D:7)
  An orc warrior (D:7)
  4 black bears
  An ice beast (D:5)
  2 ogres
  A centaur (D:8)
  3 phantoms
  2 kobold brigands (D:7)
  2 bullfrogs (D:7)
  A gnoll sergeant (D:6)
  4 scorpions
  5 wights
  2 bombardier beetles
  A hound (D:6)
  A gnoll bouda (D:7)
  4 orc priests
  4 jellies
  A human zombie (D:4)
  4 iguanas
  Ijyb (D:5)
  4 orc wizards
  13 gnolls
  7 adders
  3 shadow imps
  3 white imps
  2 ufetubi (D:5)
  A dart slug (D:2)
  25 orcs
  3 ball pythons
  6 bats
  10 endoplasms
  6 giant cockroaches
  4 hobgoblins
  3 jackals (D:3)
  5 kobolds
  2 quokkas
  2 frilled lizards (D:1)
  A goblin (D:1)
  A goblin zombie (D:4)
  A kobold zombie (D:4)
  2 rats (D:2)
  A butterfly (D:8)
158 creatures vanquished.

Vanquished Creatures (collateral kills)
  2 kobold demonologists (D:7)
  An orc priest (D:4)
  An iguana (D:6)
  A gnoll (D:6)
  A quokka (D:2)
  A ball python (D:2)
7 creatures vanquished.

Vanquished Creatures (others)
  A manticore (D:7)
  A bullfrog zombie (D:7)
  A scorpion zombie (D:6)
  2 ogre zombies
  A ribbon worm zombie (D:7)
  A jelly zombie (D:7)
  A ribbon worm (D:7)
  2 gnoll zombies (D:6)
  3 orc zombies (D:7)
13 creatures vanquished.

Grand Total: 178 creatures vanquished

Notes
Turn   | Place    | Note
-------+----------+-------------------------------------------
     0 | D:1      | stipulation the Vine Stalker Necromancer began the quest
                  | for the Orb.
     0 | D:1      | Reached XP level 1. HP: 9/9 MP: 4/4
   278 | D:1      | Reached XP level 2. HP: 13/13 MP: 3/6
  1035 | D:2      | Reached XP level 3. HP: 16/16 MP: 3/8
  1039 | D:2      | Learned a level 3 spell: Vampiric Draining
  1042 | D:2      | Identified the +0 pair of gloves of Joghig {Str+3 Slay+3
                  | Stlth-}
  1285 | D:2      | Identified the orb of Submission {mayhem, rElec rPois Will+
                  | Dex+3 SInv}
  1756 | D:2      | Reached XP level 4. HP: 21/21 MP: 1/10
  2388 | D:3      | Found a faded altar of an unknown god.
  2532 | D:3      | Found a broken altar of Ashenzari.
  2572 | D:3      | Reached skill level 5 in Necromancy
  2838 | D:4      | Found a glowing golden altar of the Shining One.
  2841 | D:4      | Found an iron altar of Okawaru.
  3012 | D:4      | Noticed a black bear
  3071 | D:4      | Noticed a phantom
  3097 | D:3      | Killed a phantom
  3098 | D:3      | Reached XP level 5. HP: 17/24 MP: 10/12
  3365 | D:4      | Killed a black bear
  3366 | D:4      | Reached XP level 6. HP: 28/28 MP: 2/14
  3458 | D:4      | Reached skill level 5 in Spellcasting
  4007 | D:4      | Reached XP level 7. HP: 25/32 MP: 2/16
  4251 | D:5      | Entered Level 5 of the Dungeon
  4251 | D:5      | Noticed Eustachio
  4265 | D:5      | Killed Eustachio
  4472 | D:5      | Found a staircase to the Ecumenical Temple.
  4654 | D:5      | Noticed Ijyb
  4661 | D:5      | Killed Ijyb
  4996 | D:5      | Gained mutation: You have razor-sharp teeth. [Vine Stalker
                  | growth]
  4996 | D:5      | Reached XP level 8. HP: 13/36 MP: 1/18
  5120 | D:5      | Found an ornate altar of the Wu Jian Council.
  5945 | D:5      | Learned a level 4 spell: Animate Dead
  5983 | Temple   | Entered the Ecumenical Temple
  5983 | Temple   | Noticed a Hell Sentinel
  5983 | Temple   | Noticed an Executioner
  5984 | Temple   | Noticed Plog the pandemonium lord
  5984 | Temple   | Noticed an orange demon
  5984 | Temple   | Noticed Joifetat the pandemonium lord
  5986 | Temple   | Noticed a red devil
  5987 | Temple   | Noticed Disaf the pandemonium lord
  5988 | Temple   | Noticed a sun demon
  6002 | Temple   | Became a worshipper of Kikubaaqudgha
  6015 | Temple   | Noticed Araim Qodia the pandemonium lord
  6015 | Temple   | Noticed a cacodemon
  6017 | Temple   | Noticed a soul eater
  6082 | D:6      | Found Tomynink's Distillery.
  6450 | D:6      | Found a runed translucent gate.
  6557 | D:6      | Found a runed translucent gate.
  6557 | D:6      | Found a runed translucent gate.
  6558 | D:6      | Found an opulent altar of Gozag.
  6558 | D:6      | Noticed a yak
  6558 | D:6      | Noticed Yore's ghost (novice GrFi)
  7057 | D:6      | Bought a potion of curing for 30 gold pieces
  7057 | D:6      | Bought a potion of resistance for 100 gold pieces
  7057 | D:6      | Bought a potion of degeneration for 10 gold pieces
  7057 | D:6      | Bought 2 potions of lignification for 60 gold pieces
  7057 | D:6      | Bought a potion of mutation for 80 gold pieces
  7067 | D:6      | Found a bloodstained altar of Trog.
  7130 | D:6      | Reached XP level 9. HP: 39/39 MP: 17/22
  7807 | D:7      | Identified the ring "Qamu" {rN+ SInv}
  7981 | D:7      | Reached * piety under Kikubaaqudgha
  7981 | D:7      | Received a gift from Kikubaaqudgha
  8376 | D:7      | Reached skill level 10 in Necromancy
  8620 | D:7      | Found the +7 Throatcutter {drain, coup de grace}
  8620 | D:7      | Noticed a kobold demonologist
  8620 | D:7      | Noticed a kobold demonologist
  8620 | D:7      | Noticed a kobold demonologist
  8620 | D:7      | Noticed a kobold demonologist
  8620 | D:7      | Noticed a kobold demonologist
  8620 | D:7      | Noticed a kobold demonologist
  8660 | D:8      | Found Giliox's General Store.
  8852 | D:8      | Bought a scroll of fog for 56 gold pieces
  8878 | D:8      | Noticed Psyche
  8887 | D:8      | Killed Psyche
  9226 | D:8      | Found a shimmering altar of Xom.
  9260 | D:7      | Killed a kobold demonologist
  9261 | D:7      | Reached skill level 10 in Spellcasting
  9261 | D:7      | Reached XP level 10. HP: 42/44 MP: 6/25
  9268 | D:7      | Noticed a soul eater
  9268 | D:7      | Killed a kobold demonologist
  9300 | D:7      | Killed a kobold demonologist
  9366 | D:7      | Killed a kobold demonologist
  9369 | D:7      | Killed a kobold demonologist
  9476 | D:7      | Noticed a soul eater
  9476 | D:7      | Killed a kobold demonologist
 10481 | D:8      | Learned a level 2 spell: Cigotuvi's Dreadful Rot
 10482 | D:9      | Noticed Grum
 10487 | D:9      | Slain by Grum

Illustrated notes

Levels and vault maps discovered:
D:1:      psy_arrival_fountain, layout_loops_ring
D:2:      layout_basic, hex_intersection, hangedman_decor_growths
D:3:      layout_rooms, mainiacjoe_overflow_small_starburst,
          chequers_ecumenical_altar_grove
D:4:      layout_cave_pods, gammafunk_temple_overflow_statue, enter_ossuary_3
D:5:      layout_loops_ring, nicolae_wu_jian_immortal_techniques,
          temple_statues, uniq_ijyb, uniq_eustachio
D:6:      layout_rooms, trog_three_pillars_becter, serial_shops, shop_fountains,
          ebering_ghost_gozag
D:7:      layout_basic, serial_bayou_pond_b, dilly_guarded_unrand_throatcut
D:8:      layout_cave_pools, xom_butterflies, serial_shops, shop, uniq_psyche
D:9:      layout_big_octagon, nicolae_shop_firing_range, uniq_grum
Temple:   nicolae_temple_panitentiary

Skill      XL: |  1  2  3  4  5  6  7  8  9 10 |
---------------+-------------------------------+-----
Spellcasting   | 3 4 5 6 8 10 11 | 11.1
Necromancy     | 5 6 7 8 10 11 | 11.6
Dodging        | |  1.5
Stealth        | |  2.4

Action                     |  1- 3 |  4- 6 |  7- 9 | 10-12 || total
---------------------------+-------+-------+-------+-------++-------
  Melee: Unarmed           |     9 |    15 |       |       ||    24
         Bite              |     4 |    17 |    28 |    16 ||    65
         Dagger            |       |    22 |    90 |    34 ||   146
         Punch             |       |       |     1 |       ||     1
         Long sword        |       |       |       |    12 ||    12
   Cast: Necrotise         |    65 |    67 |   183 |     2 ||   317
         Vampiric Draining |       |     5 |    36 |    10 ||    51
         Animate Dead      |       |       |     6 |     1 ||     7
 Invoke: Unearth Wretches  |       |       |     1 |       ||     1
    Use: Scroll            |       |     1 |     5 |       ||     6
 Armour: Robe              |     6 |    31 |   174 |    49 ||   260
  Dodge: Dodged            |    22 |    26 |   122 |    40 ||   210
